 Dungeon Crawl Stone Soup version 0.30-a0-862-g1aabd4f9c5 (webtiles) character file.

Game seed: 5177549294985840823

134 holysushi the Trooper (level 5, -2/41 HPs)
             Began as an Octopode Monk on Mar 10, 2023.
             Slain by an orc
             ... wielding a +0 hand axe
              (7 damage)
             ... on level 2 of the Dungeon.
             The game lasted 00:02:16 (2156 turns).

holysushi the Trooper (Octopode Monk)               Turns: 2156, Time: 00:02:17

Health: -2/41      AC:  1    Str: 11    XL:     5   Next: 17%
Magic:  5/5        EV: 14    Int: 12    God:
Gold:   156        SH:  0    Dex: 16    Spells: 4/4 levels left

rFire   . . .      SeeInvis .    m - +2 short sword (holy)
rCold   . . .      Faith    .    (no shield)
rNeg    . . .      Spirit   .    (helmet restricted)
rPois   .          Reflect  .    (no amulet)
rElec   .          Rampage  .    (no ring)
rCorr   .                        (no ring)
Will    .....                    (no ring)
Stlth   +++                      (no ring)
HPRegen 0.26/turn                (no ring)
MPRegen 0.09/turn                (no ring)
                                 (no ring)
                                 (no ring)

@: no status effects
A: almost no armour, amphibious, 8 rings, camouflage 1, gelatinous body 1,
(nimble swimmer 1), tentacles
a: no special abilities


You were on level 2 of the Dungeon.
You visited 1 branch of the dungeon, and saw 3 of its levels.

You collected 156 gold pieces.

Inventory:

Hand Weapons
 a - a +0 short sword
 h - a +2 dagger of holy wrath
 m - a +2 short sword of holy wrath (weapon)
Scrolls
 c - a scroll of fog
 o - 2 scrolls of enchant armour
Potions
 b - a potion of ambrosia
 d - 2 potions of mutation {unknown}
 e - a potion of invisibility {unknown}
 i - a potion of attraction {unknown}
 k - 3 potions of resistance {unknown}
 l - a potion of degeneration {unknown}


   Skills:
 + Level 5.7 Fighting
 - Level 3.0 Short Blades
 - Level 3.0 Dodging
 - Level 2.6 Stealth


You had 4 spell levels left.
You didn't know any spells.
Your spell library contained the following spells:

 Spells                   Type           Power      Damage    Failure   Level
 Sandblast                Erth           0%         2d4       32%         1
 Passwall                 Tmut/Erth      0%         N/A       45%         2
 Stone Arrow              Conj/Erth      0%         3d7       69%         3


Dungeon Overview and Level Annotations

Branches:
Dungeon (3/15) Zot: 15864

Altars:
Okawaru
Zin

Annotations:
D:3 Grinder


Innate Abilities, Weirdness & Mutations

You cannot wear most types of armour.
You are amphibious.
You can wear up to eight rings at the same time.
Your skin changes colour to match your surroundings (Stealth+).
Your rubbery body absorbs attacks. (AC +1, EV +1)
((You are camouflaged when in or above water. (Stealth+)))
You have tentacles for arms and can constrict up to eight enemies at once.


Message History

The bat barely misses you.
You hit the orc but do no damage. You squeeze the orc.
The orc is lightly wounded.
The bat closely misses you.
You feel less confused. The orc misses you.
Grinder blinks!
The orc wizard casts a spell at you.
You are confused.
You miss the orc.
The orc is lightly wounded.
The bat misses you. The orc barely misses you.
The orc wizard closely misses you. The orc attacks as you move away!
The orc completely misses you. Grinder gestures at you.
You resist with significant effort.
The orc wizard hits you with a +0 dagger.
There is a stone staircase leading up, spattered with blood here.
The bat barely misses you. The orc misses you.
Grinder blinks!
The orc wizard closely misses you. The bat hits you but does no damage.
You climb upwards.
There is a stone staircase leading down here.
You miss the orc wizard. You squeeze the orc wizard!
The orc wizard is severely wounded.
The bat hits you. The orc hits you with a +0 hand axe.
The orc wizard misses you.
You hit the bat but do no damage. The bat barely misses you. x2
The orc hits you with a +0 hand axe!
You bump into the rock wall.
You feel less confused. The bat misses you.
The orc wizard points at you and mumbles some strange words.
You resist with some effort. The orc hits you with a +0 hand axe.
* * * LOW HITPOINT WARNING * * *
You closely miss the orc. You grab the orc.
The orc is lightly wounded.
You constrict the orc, but do no damage.
The orc wizard hits you with a +0 dagger.
* * * LOW HITPOINT WARNING * * *
The bat barely misses you. The orc hits you with a +0 hand axe!
You die...

### #.# #.# ###.#####
#..o@o..# #.#b##### #.#.#
######'#'##### #####
#............# #####....
#.###........#####........
#...#........##......#....
###.#........##......#....
#.#........##......#....


You could see an orc wizard, an orc and a bat.

Vanquished Creatures
  An orc wizard (D:2)
  3 adders (D:2)
  A worm (D:2)
  4 dart slugs
  6 orcs
  7 bats
  2 endoplasms (D:2)
  4 giant cockroaches
  5 hobgoblins
  3 quokkas
  7 ball pythons
  2 frilled lizards
  6 goblins
  8 kobolds
  6 rats
65 creatures vanquished.

Vanquished Creatures (others)
  8 plants
8 creatures vanquished.

Grand Total: 73 creatures vanquished

Notes
Turn   | Place    | Note
-------+----------+-------------------------------------------
     0 | D:1      | holysushi the Octopode Monk began the quest for the Orb.
     0 | D:1      | Reached XP level 1. HP: 16/16 MP: 1/1
   151 | D:1      | Reached XP level 2. HP: 21/21 MP: 2/2
   434 | D:1      | Reached skill level 4 in Fighting
   548 | D:1      | Reached XP level 3. HP: 26/27 MP: 3/3
   683 | D:2      | Reached XP level 4. HP: 15/34 MP: 4/4
   837 | D:2      | Reached skill level 5 in Fighting
  1467 | D:2      | Found a faded altar of an unknown god.
  1577 | D:3      | Noticed Grinder
  1668 | D:2      | Reached XP level 5. HP: 25/39 MP: 5/5
  1842 | D:3      | Found an iron altar of Okawaru.
  2002 | D:3      | Found a glowing silver altar of Zin.
  2156 | D:2      | Slain by an orc

Illustrated notes

Levels and vault maps discovered:
D:1:      tekkud_arrival_beachfront_property, layout_basic
D:2:      cheibrodos_old_hovel, layout_basic,
          hellmonk_ecumenical_altar_arch_garden, minmay_octomino_c4
D:3:      layout_rooms, nicolae_overflow_hidden_temple,
          mainiacjoe_overflow_chevrons, serial_rivers,
          chequers_serial_rivers_marsh, chequers_serial_rivers_micro_c,
          chequers_serial_rivers_marsh, chequers_serial_rivers_small_3,
          chequers_serial_rivers_small_a, chequers_serial_rivers_small_a,
          uniq_grinder

Skill      XL: |  1  2  3  4 |
---------------+-------------+-----
Fighting       | 4 5 |  5.7
Short Blades   | |  3.0
Dodging        | |  3.0
Stealth        | |  2.6

Action                     |  1- 3 |  4- 6 || total
---------------------------+-------+-------++-------
  Melee: Short sword       |    62 |    73 ||   135
         Constrict         |    18 |    21 ||    39
         Tentacles         |    10 |    17 ||    27
         Dagger            |       |    13 ||    13
    Use: Scroll            |       |     6 ||     6
   Stab: Sleeping          |     8 |     7 ||    15
 Armour: Skin              |     6 |     4 ||    10
  Dodge: Dodged            |    41 |    61 ||   102

Table legend: (Time is in decaauts)
 A = Elapsed time spent in this place.
 B = Non-inter-level travel time spent in this place.
 C = Inter-level travel time spent in this place.
 D = Time resting spent in this place.
 E = Time spent auto-exploring this place.
 F = Levels seen in this place.
 G = Mean time per level.
                   A        B        C        D        E       F      G
               +--------+--------+--------+--------+--------+-----+--------+
         Total |   2134 |   2061 |     73 |    240 |   1360 |   3 |  711.3 |
       Dungeon |   2134 |   2061 |     73 |    240 |   1360 |   3 |  711.3 |
               +--------+--------+--------+--------+--------+-----+--------+

Top non-repeatable levels by time:
     D:2: 1174 daAuts
     D:1: 598 daAuts
     D:3: 361 daAuts
